 Dungeon Crawl Stone Soup version 0.17-a0-1510-gb3fb22e (webtiles) character file.

6267 Goblin1989 the Basher (level 10, -14/98 HPs)
             Began as a Deep Dwarf Fighter on July 11, 2015.
             Was a Believer of Makhleb.
             Demolished by a hill giant
             ... wielding a +0 giant club
              (23 damage)
             ... on level 9 of the Dungeon.
             The game lasted 00:59:25 (8924 turns).

Goblin1989 the Basher (Deep Dwarf Fighter)          Turns: 8924, Time: 00:59:25

Health: -14/98     AC: 20    Str: 24    XL:     10   Next: 62%
Magic:  6/6        EV:  6    Int:  8    God:    Makhleb [**....]
Gold:   161        SH:  9    Dex: 12    Spells: 0 memorised, 9 levels left

rFire  . . .     SeeInvis .     r - +2 whip (freeze)
rCold  . . .     Clarity  .     L - +0 chain mail
rNeg   . . .     SustAt   .     c - +0 shield
rPois  +         Gourm    .     t - +0 helmet
rElec  .         Spirit   .     s - +2 cloak {rPois}
rCorr  .         Warding  .     G - +0 pair of gloves
rMut   .         Stasis   .     (no boots)
MR     +....                    (no amulet)
Stlth  ..........               (no ring)
                                o - +3 ring of protection

@: non-regenerating, somewhat resistant to hostile enchantments, extremely
unstealthy
A: damage resistance, recharge devices, sense surroundings 2, shaggy fur 1, slow
healing 3
a: Device Recharging, Minor Destruction, Renounce Religion


You were on level 9 of the Dungeon.
You worshipped Makhleb.
Makhleb was pleased with you.
You were hungry.

You visited 2 branches of the dungeon, and saw 11 of its levels.
You also visited: Sewer.

You collected 342 gold pieces.
You spent 181 gold pieces at shops.

Inventory:

Hand weapons
 r - a +2 whip of freezing (weapon)
Armour
 c - a +0 shield (worn)
 s - a +2 cloak of poison resistance (worn)
 t - a +0 helmet (worn)
 x - a +0 plate armour
 G - a +0 pair of gloves (worn)
 L - a +0 chain mail (worn)
Jewellery
 o - a +3 ring of protection (left hand)
Magical devices
 e - a wand of heal wounds (0) (quivered)
Scrolls
 v - 2 scrolls of magic mapping
 y - a scroll of enchant weapon
 B - 7 scrolls of remove curse
 I - 2 scrolls of amnesia
 J - a scroll of identify
Potions
 n - a potion of ambrosia
 p - 10 potions of curing
 w - a potion of cancellation
 E - a potion of berserk rage {unknown}
 H - a potion of invisibility {unknown}
Comestibles
 f - 11 bread rations
 i - 9 fruits
 k - 3 beef jerkies
 l - 2 slices of pizza
 q - 4 meat rations


   Skills:
 - Level 8.9 Fighting
 * Level 11.3 Maces & Flails
 * Level 7.2 Armour
 - Level 3.2 Shields
 + Level 1.6 Invocations
 - Level 4.7 Evocations


You had 9 spell levels left.
You didn't know any spells.

Dungeon Overview and Level Annotations

Branches:
Dungeon (10/15)            Temple (1/1) D:4             Orc (0/4) D:9
   Lair: D:8-11

Altars:
Ashenzari
Cheibriados
Dithmenos
Elyvilon
Fedhas
Gozag
Kikubaaqudgha
Makhleb
Nemelex Xobeh
Okawaru
Qazlal
Ru
Sif Muna
Trog
Vehumet
Xom
Yredelemnul
Zin
The Shining One

Shops:
D:4 =?!*   D:10 [

Annotations:
D:8 Maurice
D:10 Harold, Snorg, Sonja


Innate Abilities, Weirdness & Mutations

You are resistant to damage.
You can recharge devices by infusing magical energy.
You passively map the area around you.
You do not heal naturally.
You are covered in fur (AC +1).


Message History

The hill giant is moderately wounded.
You block the ogre's attack.
Your shield and chain mail prevent you from hitting the hill giant.
The hill giant is moderately wounded.
The hill giant hits you with a giant club!
You barely miss the hill giant.
The hill giant is moderately wounded.
The ogre hits you with a giant spiked club!
You hit the hill giant but do no damage.
The hill giant is moderately wounded.
The hill giant hits you with a giant club!!
* * * LOW HITPOINT WARNING * * *
You hit the hill giant. You freeze the hill giant.
The hill giant is moderately wounded.
You hit the hill giant but do no damage.
The hill giant is moderately wounded.
The ogre hits you with a giant spiked club.
* * * LOW HITPOINT WARNING * * *
The hill giant hits you with a giant club!!
You die...

############ #.....(....#
#(.........# #........>.#
#.(........# #..........# ####
#....@.....# ...# #...OC.....#
...#########..........#########
...'..........:.......(>......#
...#############.#.##..######.###
...# ####.#.....## #.#.. ...#
#...........# #.#.# ...#
#O##.######.### #.#.# ..## #.##.#
#...# #....


You could see a hill giant and an ogre.

Vanquished Creatures
  Pikel (D:8)
  Joseph (D:9)
  A troll (D:8)
  A two-headed ogre (D:8)
  A wyvern (D:8)
  3 hippogriffs
  2 wolves (D:8)
  A warg (D:9)
  A mottled dragon (D:8)
  2 water moccasins
  2 orc warriors (D:10)
  2 black bears
  2 sky beasts (D:8)
  An eye of draining (D:8)
  An ogre (D:7)
  4 centaurs
  A phantom (D:4)
  6 giant frogs
  A big kobold (D:9)
  A wyvern skeleton (D:9)
  2 scorpions
  13 killer bees
  4 crimson imps
  4 orc priests
  2 giant frog zombies (D:8)
  A gnoll shaman (D:5)
  A giant frog skeleton (D:6)
  8 hounds
  8 orc wizards
  Jessica (D:2)
  2 iguanas
  5 worker ants
  A hound zombie (D:8)
  A hound skeleton (D:7)
  Robin (D:2)
  14 adders
  4 worker ant zombies
  3 gnolls (D:5)
  A river rat (D:3)
  4 shadow imps
  2 oozes (D:1)
  An adder skeleton (D:9)
  8 worms
  13 giant geckos
  43 orcs
  A bat skeleton (D:5)
  14 goblins
  16 hobgoblins
  3 jackals
  7 ball pythons
  17 bats
  10 giant cockroaches
  A giant gecko zombie (D:5)
  10 giant newts
  2 jackal zombies
  14 kobolds
  2 quokkas
  A quokka skeleton (D:4)
  A quokka zombie (D:9)
  21 rats
302 creatures vanquished.

Notes
Turn   | Place    | Note
--------------------------------------------------------------
     0 | D:1      | Goblin1989 the Deep Dwarf Fighter began the quest for the Orb.
     0 | D:1      | Reached XP level 1. HP: 20/20 MP: 1/1
   192 | D:1      | Reached XP level 2. HP: 24/27 MP: 2/2
   664 | D:1      | Reached XP level 3. HP: 25/33 MP: 3/3
   911 | D:2      | Noticed Jessica
   924 | D:2      | Killed Jessica
   924 | D:2      | Reached XP level 4. HP: 25/42 MP: 4/4
   925 | D:2      | Found a shattered altar of Ashenzari.
   957 | D:2      | Found a basalt altar of Yredelemnul.
   981 | D:2      | Noticed Robin
   990 | D:2      | Reached skill level 4 in Maces & Flails
   997 | D:2      | Killed Robin
  1020 | D:2      | Found a shadowy altar of Dithmenos.
  1350 | D:2      | Reached XP level 5. HP: 45/50 MP: 5/5
  1724 | D:3      | Found a blossoming altar of Fedhas.
  1825 | D:3      | Found a glowing drain.
  1855 | Sewer    | Entered a sewer
  2133 | Sewer    | Reached skill level 5 in Maces & Flails
  2133 | Sewer    | Reached XP level 6. HP: 54/58 MP: 6/6
  2157 | Sewer    | Gained mutation: You are covered in fur (AC +1). [potion of beneficial mutation]
  2796 | D:4      | Found Dolil's Magic Scroll Boutique.
  2800 | D:4      | Bought a scroll of magic mapping for 38 gold pieces
  2800 | D:4      | Bought a scroll of teleportation for 33 gold pieces
  2800 | D:4      | Bought a scroll of identify for 22 gold pieces
  2800 | D:4      | Bought a scroll of identify for 22 gold pieces
  2800 | D:4      | Bought 2 scrolls of teleportation for 66 gold pieces
  2816 | D:4      | Found Winistad's Distillery.
  2840 | D:4      | Found Ysurrag's Assorted Antiques.
  2858 | D:4      | Found a staircase to the Ecumenical Temple.
  2870 | Temple   | Entered the Ecumenical Temple
  3158 | D:4      | Found Gaihyn's Jewellery Emporium.
  3276 | D:4      | Reached skill level 5 in Fighting
  3607 | D:5      | Entered Level 5 of the Dungeon
  3679 | D:5      | Reached skill level 6 in Maces & Flails
  3679 | D:5      | Reached XP level 7. HP: 49/67 MP: 6/6
  4081 | D:5      | Found a deep blue altar of Sif Muna.
  4176 | D:5      | Found an iron altar of Okawaru.
  4550 | D:6      | Reached skill level 7 in Maces & Flails
  4721 | D:6      | Reached XP level 8. HP: 66/76 MP: 7/7
  4727 | D:6      | Found a white marble altar of Elyvilon.
  4919 | D:6      | You fall through a shaft for 2 floors!
  4919 | D:8      | Noticed Maurice
  5108 | D:8      | Reached skill level 8 in Maces & Flails
  5272 | D:8      | Noticed a troll
  5295 | D:8      | HP: 1/80 [troll (9)]
  5296 | D:8      | Killed a troll
  5312 | D:8      | Gained mutation: You passively map the area around you. [Deep Dwarf growth]
  5312 | D:8      | Reached XP level 9. HP: 79/88 MP: 6/6
  5327 | D:8      | Reached skill level 9 in Maces & Flails
  6694 | D:7      | Reached skill level 10 in Maces & Flails
  6779 | D:7      | Reached skill level 1 in Evocations
  6990 | D:8      | Noticed a two-headed ogre
  6998 | D:8      | Killed a two-headed ogre
  7095 | D:8      | You fall through a shaft for 2 floors!
  7095 | D:10     | Entered Level 10 of the Dungeon
  7163 | D:10     | Noticed a hill giant
  7211 | D:10     | Reached XP level 10. HP: 70/98 MP: 8/8
  7287 | D:8      | Found a bloodstained altar of Trog.
  7287 | D:8      | Found a stormy altar of Qazlal.
  7353 | D:8      | Reached skill level 5 in Armour
  7602 | D:8      | Noticed Pikel
  7615 | D:8      | Killed Pikel
  7845 | D:9      | Found a staircase to the Orcish Mines.
  7889 | D:8      | Reached skill level 11 in Maces & Flails
  7947 | D:9      | Found a radiant altar of Vehumet.
  7948 | D:9      | Found a burning altar of Makhleb.
  7972 | D:9      | Became a worshipper of Makhleb the Destroyer
  8062 | D:9      | Noticed Joseph
  8180 | D:9      | Killed Joseph
  8520 | D:9      | Acquired Makhleb's first power
  8648 | D:10     | Reached skill level 1 in Invocations
  8737 | D:10     | Acquired Makhleb's second power
  8763 | D:10     | Noticed Sonja
  8769 | D:10     | Noticed Harold
  8773 | D:10     | Noticed Snorg
  8816 | D:10     | Found Otsakode's Armour Emporium.
  8832 | D:10     | Noticed a centaur zombie
  8832 | D:10     | Noticed a hill giant
  8924 | D:9      | Demolished by a hill giant

Vault maps used:
D:1:      erik_arrival_gehennom, minmay_stone_trees_small, minmay_misc_feat_chi
D:2:      nicolae_ashenzari_panopticon, yredelemnul_altar_generic,
          nicolae_dithmenos_shadow_blocks, first_bread, uniq_jessica, uniq_robin
D:3:      lemuel_coloured_pillars_altar, gup_sewer_entry_bubbles,
          kennysheep_generic_room_12
D:4:      minmay_temple_entry_glass, serial_shops, shop_statue,
          nicolae_shop_stone, shop, nicolae_shop_crystal,
          minmay_item_behind_shaft
D:5:      old_standard_altar, okawaru_ov_weapons_minmay, kennysheep_small_spiral
D:6:      elyvilon_altar_4, st_stairs_5, minivault_23
D:8:      gammafunk_temple_overflow_elements, erik_lair_island, uniq_maurice,
          uniq_pikel
D:9:      grunt_temple_overflow_lords_of_destruction, david_orc_3,
          hangedman_decor_peaks_small, uniq_joseph
D:10:     cheibrodos_orc_bank, serial_shops, shop, special_room, uniq_nergalle,
          uniq_harold, uniq_maud, uniq_sonja, uniq_snorg
Temple:   cyrus_temple_forest_13
Sewer:    sewer_frog_island_01

Action                   |  1- 3 |  4- 6 |  7- 9 | 10-12 || total
-------------------------+-------+-------+-------+-------++-------
Melee: Flail             |   122 |   299 |   591 |   100 ||  1112
       Whip              |       |       |       |   322 ||   322
 Abil: Device Recharging |       |     1 |     3 |     3 ||     7
Evoke: Wand              |     1 |     5 |    16 |    18 ||    40
  Use: Scroll            |       |     6 |     5 |    14 ||    25
       Potion            |       |     2 |     3 |     4 ||     9
 Stab: Distracted        |       |       |     1 |       ||     1
  Eat: Chunk             |       |     8 |    13 |     4 ||    25
       Fruit             |       |     1 |     1 |     1 ||     3
